Map: Dusk Towers

Players

Shura (Scarlett) - Winner!

  • Race: Zerg Zerg
  • League: Master

AiLillekanin (Lillekanin)

  • Race: Terran Terran
  • League: Master

Event: DreamHack ZOWIE Open Leipzig

VOD

Have the link to the VOD?

Description

Time

  • Played on: Jan. 22, 2016, 8:48 a.m.
  • Length: 6:33

All games in this series

Show
View Real Time Build Order
Export as new Build Order

Shura Zerg - Winner!

Build Orders: Hatch First 

Get SALT Encoding   

  12  0:00  Drone  
  13  0:09  Drone  
  14  0:18  Overlord  
  14  0:24  Drone, Extractor  
  15  0:36  Drone x2  
  17  0:52  Hatchery  
  17  0:55  Drone  
  17  0:59  Drone  
  18  1:12  Spawning Pool  
  18  1:15  Drone  
  18  1:17  Drone  
  19  1:27  Drone  
  20  1:39  Hatchery  
  19  1:44  Overlord  
  19  1:59  Queen  
  19  2:01  Drone  
  22  2:05  Zergling x2  
  22  2:08  Queen  
  23  2:11  Drone  
  23  2:15  Drone  
  27  2:19  Drone  
  27  2:21  Drone  
  29  2:34  Queen  
  29  2:36  Overlord  
  31  2:39  Drone x2  
  33  2:44  Queen  
  35  2:52  Queen  
  35  2:54  Drone  
  35  2:58  Drone x2  
  40  3:03  Drone x2  
  40  3:04  Drone  
  43  3:06  Drone  
  43  3:09  Drone  
  43  3:10  Drone  
  43  3:12  Drone  
  47  3:15  Overlord  
  47  3:19  Drone  
  49  3:20  Drone  
  49  3:21  Drone  
  50  3:27  Extractor  
  50  3:28  Drone x2, Extractor  
  50  3:29  Drone, Extractor  
  50  3:36  Overlord, Drone  
  50  3:37  Drone x2  
  50  3:40  Drone  
  54  3:43  Drone  
  54  3:44  Drone x2  
  54  3:47  Overlord  
  58  3:48  Drone  
  58  3:56  Drone  
  58  3:57  Drone x4  
  58  4:00  Overlord  
  58  4:01  Drone x2  
  65  4:03  Drone  
  66  4:10  Roach Warren  
  66  4:12  Evolution Chamber, Drone  
  66  4:14  Evolution Chamber, Drone  
  66  4:16  Drone  
  66  4:17  Drone  
  67  4:20  Lair  
  67  4:21  Drone  
  68  4:28  Drone x4  
  68  4:31  Drone x4  
  73  4:34  Extractor  
  73  4:37  Zerg Missile Weapons Level 1  
  75  4:43  Drone x2  
  77  4:46  Drone x2  
  77  4:47  Drone x2  
  77  4:49  Overlord x2  
  77  4:51  Overlord  
  80  5:01  Hatchery  
  80  5:03  Roach  
  80  5:06  Overlord  
  81  5:07  Extractor  
  81  5:08  Roach, Extractor  
  81  5:09  Roach x2  
  85  5:16  Spore Crawler  
  85  5:18  Roach  
  85  5:19  Roach x4  
  94  5:23  Overlord  
  94  5:24  Roach x3  
  94  5:27  Spine Crawler  
  100  5:29  Roach x4  
  108  5:36  Overlord x2  
  108  5:38  Roach x2  
  113  5:43  Roach x2  
  111  5:55  Roach x3  
  101  5:59  Roach  
  101  6:03  Roach  
  102  6:04  Roach x4  
  102  6:08  Roach x6  
Show
View Real Time Build Order
Export as new Build Order

AiLillekanin Terran 

Build Orders: Reaper Expand, Bio Hellbat, Ghosts 

Get SALT Encoding   

  12  0:00  SCV  
  13  0:12  SCV  
  14  0:18  Supply Depot  
  14  0:24  SCV  
  15  0:39  SCV  
  15  0:40  Barracks  
  16  0:44  Refinery  
  16  0:51  SCV  
  17  1:03  SCV  
  18  1:16  SCV  
  19  1:28  Reaper, Orbital Command  
  20  1:39  Command Center  
  20  1:49  Supply Depot  
  20  1:54  SCV  
  20  2:00  Barracks Reactor  
  21  2:06  SCV  
  22  2:12  Refinery  
  22  2:18  SCV  
  23  2:27  Factory  
  23  2:30  SCV  
  23  2:35  Barracks  
  24  2:38  Marine x2  
  24  2:42  SCV  
  27  2:55  SCV  
  27  2:56  Orbital Command  
  28  3:07  SCV  
  29  3:16  Barracks Tech Lab  
  29  3:18  Ghost Academy  
  29  3:19  SCV, Hellion x2  
  34  3:22  Supply Depot  
  34  3:23  SCV  
  34  3:26  Barracks Tech Lab  
  35  3:33  SCV  
  36  3:40  Hellion x2  
  40  3:47  Ghost  
  41  3:52  Ghost  
  43  4:00  Armory  
  43  4:03  Hellion  
  43  4:06  Hellion  
  47  4:10  Supply Depot  
  47  4:16  Ghost  
  49  4:24  Hellion  
  49  4:27  Hellion  
  53  4:31  Ghost  
  53  4:34  Supply Depot  
  55  4:44  Ghost  
  57  4:48  Hellion  
  57  4:51  Hellion  
  61  4:59  Ghost  
  63  5:09  Hellion  
  63  5:12  Hellion  
  67  5:15  Supply Depot  
  66  5:22  Ghost  
  68  5:31  Hellion  
  70  5:36  Ghost  
  70  5:38  Hellion  
  73  5:51  Reaper  
  67  5:57  Hellbat  
  67  6:00  Hellbat  

Tags
 
Add a new tag
Caveats
  • Supply blocks, unpowered buildings, or Contaminate may cause inaccurate times.
  • Supply counts are checked every 10 seconds.